 Dungeon Crawl Stone Soup version 0.29-a0-369-gd956c00756 (webtiles) character file.

Game seed: 8689367216980618680

29416 holysushi the Spry (level 13, 0/84 HPs)
             Began as a Kobold Monk on May 1, 2022.
             Was a High Priest of Dithmenos.
             Slain by a cane toad (33 damage)
             ... on level 5 of the Lair of Beasts.
             The game lasted 00:31:14 (18022 turns).

holysushi the Spry (Kobold Monk)                   Turns: 18022, Time: 00:31:14

Health: 0/84       AC: 15    Str:  8    XL:     13   Next: 80%
Magic:  13/13      EV:  3    Int: 15    God:    Dithmenos [*****.]
Gold:   734        SH:  0    Dex: 24    Spells: 12/12 levels left

rFire   . . .      SeeInvis .   q - +3 dagger (venom)
rCold   + . .      Faith    .   (no shield)
rNeg    . . .      Spirit   .   N - +0 steam dragon scales
rPois   .          Reflect  .   i - +2 helmet "Efiuviv" {Contam +Inv Fly Int+2}
rElec   .          Harm     .   (no cloak)
rCorr   .          Rampage  .   w - +2 pair of gloves {Dex+3}
Will    .....                   n - +2 pair of boots {Stlth+} Stlth **++++++++
                                o - amulet of regeneration
HPRegen 1.04/turn               y - +4 ring of evasion
MPRegen 0.13/turn               B - ring of protection from cold

@: sleeping, flying, wreathed by umbra
A: small, no large weapons, nightstalker 3
a: Renounce Religion, Evoke Invisibility, Shadow Step, Shadow Form


You were on level 5 of the Lair of Beasts.
You worshipped Dithmenos.
Dithmenos was extremely pleased with you.
You visited 3 branches of the dungeon, and saw 17 of its levels.
You also visited: Bailey.

You collected 1164 gold pieces.
You spent 430 gold pieces at shops.

Inventory:

Hand Weapons
 a - a +0 short sword of venom
 q - a +3 dagger of venom (weapon)
 J - the +7 hunting sling "Turchoy" {vorpal, +Blink Int-4 SInv}
   (You found it on level 7 of the Dungeon)

   Any ammunition fired from it inflicts extra damage upon your enemies.
   Int:       It affects your intelligence (-4).
   SInv:      It lets you see invisible.
   +Blink:    It lets you blink.
Armour
 i - the +2 helmet "Efiuviv" (worn) {Contam +Inv Fly Int+2}
   (You acquired it on level 5 of the Dungeon)

   Int:       It affects your intelligence (+2).
   +Inv:      It lets you turn invisible.
   Fly:       It grants you flight.
   Contam:    It causes magical contamination when unequipped.
 j - +0 swamp dragon scales
 n - a +2 pair of boots of stealth (worn)
 w - a +2 pair of gloves of dexterity (worn)
 D - a +1 robe of willpower
 N - +0 steam dragon scales (worn)
 P - a +2 hat of willpower
 R - the +10 scale mail "Woizxuideki" {Stlth+}
   (You found it on level 8 of the Dungeon)

   Stlth:     It makes you more stealthy.
Jewellery
 o - an amulet of regeneration (around neck)
 y - a +4 ring of evasion (left hand)
 B - a ring of protection from cold (right hand)
 I - a ring of protection from fire
Wands
 b - a wand of iceblast (7)
 r - a wand of flame (67)
Scrolls
 e - a scroll of torment
 k - 3 scrolls of enchant armour
 l - 3 scrolls of enchant weapon
 m - 3 scrolls of teleportation
 p - 2 scrolls of amnesia
 u - 5 scrolls of fear
 v - 2 scrolls of blinking
 A - 2 scrolls of magic mapping
 F - a scroll of acquirement
 L - 3 scrolls of fog
 M - 2 scrolls of vulnerability
 Q - 13 scrolls of identify
Potions
 c - 3 potions of ambrosia
 d - 2 potions of haste
 f - 5 potions of attraction
 g - 7 potions of lignification
 h - 6 potions of curing
 s - 2 potions of flight
 t - 4 potions of invisibility
 x - 6 potions of heal wounds
 z - 5 potions of mutation
 C - 7 potions of brilliance
 E - a potion of degeneration {unknown}
 G - a potion of might {unknown}
 H - a potion of resistance {unknown}
 K - a potion of cancellation {unknown}
Miscellaneous
 O - a piece from Xom's chessboard (15/15)


   Skills:
 + Level 11.5 Fighting
 + Level 13.3 Short Blades
 - Level 2.8 Armour
 - Level 15.0 Dodging
 + Level 11.2 Stealth
 + Level 11.6 Evocations


You had 12 spell levels left.
You didn't know any spells.
Your spell library contained the following spells:

 Spells                   Type           Power      Damage    Failure   Level
 Apportation              Tloc           0%         N/A       26%         1
 Magic Dart               Conj           0%         1d3       26%         1
 Searing Ray              Conj           0%         2d4       38%         2
 Fulminant Prism          Conj/Hex       0%         3d6       95%         4
 Alistair's Intoxication  Tmut/Pois      0%         N/A       100%        5
 Summon Forest            Summ/Tloc      0%         N/A       100%        5
 Summon Mana Viper        Hex/Summ       0%         N/A       100%        5
 Summon Cactus Giant      Summ           0%         N/A       100%        6


Dungeon Overview and Level Annotations

Branches:
Dungeon (11/15)            Temple (1/1) D:6            Lair (5/6) D:11
 Shoals (0/4) Lair:3       Spider (0/4) Lair:3       Bailey (visited)
  Slime: Lair:5-6       Orc: D:9-12

Altars:
Ashenzari
Cheibriados
Dithmenos
Elyvilon
Fedhas
Gozag
Hepliaklqana
Kikubaaqudgha
Makhleb
Nemelex Xobeh
Okawaru
Qazlal
Ru
Sif Muna
Trog
Uskayaw
Vehumet
Wu Jian
Xom
Yredelemnul
Zin
The Shining One

Shops:
D:2 =   D:4 [

Annotations:
D:4 2 transporters


Innate Abilities, Weirdness & Mutations

You are small and have problems with some larger weapons.
You are completely attuned to the shadows.


Message History

Unknown command.
You hit the dream sheep.
The dream sheep is almost dead.
The dream sheep are wreathed in dream dust.
You feel drowsy...
You fall asleep.
The dream sheep bites you but does no damage.
The dream sheep bites you!!
You wake up.
You emit a cloud of dark smoke.
You hit the dream sheep.
The dream sheep looks as sick as possible!
The dream sheep is almost dead.
You kill the dream sheep!
Dithmenos accepts your kill.
Unknown command.
You closely miss the dream sheep.
You punch the dream sheep, but do no damage.
The dream sheep bites you. The dream sheep misses you.
Unknown command.
You hit the dream sheep.
The dream sheep is poisoned.
The dream sheep is lightly wounded.
The cane toad completely misses you.
Unknown command.
You hit the dream sheep.
The dream sheep is moderately wounded.
The cane toad stings you! The dream sheep closely misses you.
The dream sheep misses you.
Unknown command.
You are too injured to fight recklessly!
Unknown command.
The cane toad attacks as you move away!
The cane toad stings you but does no damage.
The dream sheep attacks as you move away!
The dream sheep completely misses you.
Unknown command.
The dream sheep "Baaaas" balefully.
The dream sheep closely misses you.
Unknown command.
The dream sheep shake their wool and sparkle.
You feel drowsy...
You fall asleep.
The cane toad stings you!!
You die...

##.......<.P(#
#...........#
......###
.....## ....(#
.....###
.....§§#
...#§§Y##
###.@FY§#
####Y§# ##§§##
#§§§.#
##......
#......
#......
##..... # #


You could see a cane toad and 3 dream sheep.

Vanquished Creatures
  Gastronok (D:8)
  2 vault guards (Bailey)
  A hydra (D:8)
  A centaur warrior (D:11)
  The ghost of Zinzilulo the Grappler, a journeyman VSMo of Cheibriados (Lair:1)
  Urug (Lair:3)
  4 skeletal warriors (D:11)
  Pikel (D:4)
  A deep elf pyromancer (D:9)
  A manticore (D:11)
  An ugly thing (D:11)
  An elephant (Lair:1)
  3 black mambas
  A torpor snail (Lair:2)
  7 cane toads
  Maggie (D:8)
  4 rime drakes
  4 komodo dragons
  2 hornets (D:9)
  4 blink frogs (Lair:4)
  4 merfolk (Lair:3)
  2 polar bears
  Prince Ribbit (Bailey)
  7 slime creatures
  3 dream sheep (Lair:5)
  13 yaks
  6 humans (Bailey)
  3 basilisks (Lair:1)
  A wraith (D:9)
  6 wyverns
  2 steam dragons (D:8)
  4 vampire mosquitoes (D:10)
  5 water moccasins
  A black bear (D:6)
  An ice beast (D:8)
  4 orc warriors
  6 centaurs
  4 wolves (Lair:1)
  2 ogres
  3 lemures
  2 phantoms
  3 kobold brigands
  10 bullfrogs
  2 necrophages
  A gnoll sergeant (D:8)
  5 scorpions
  13 wights
  17 killer bees
  3 howler monkeys
  4 electric eels (D:8)
  4 orc priests
  5 iguanas
  Ijyb (D:3)
  5 orc wizards
  Robin (D:3)
  10 gnolls
  6 adders
  A shadow imp (D:7)
  A white imp (D:6)
  2 worms
  3 dart slugs (D:4)
  33 orcs
  4 ball pythons
  3 endoplasms
  7 giant cockroaches
  23 goblins
  10 hobgoblins
  3 jackals (D:2)
  2 quokkas
  2 bats
  3 frilled lizards (D:2)
  17 kobolds
  A rat (D:1)
327 creatures vanquished.

Vanquished Creatures (others)
  3 fungi
  15 plants
18 creatures vanquished.

Grand Total: 345 creatures vanquished

Notes
Turn   | Place    | Note
-------+----------+-------------------------------------------
     0 | D:1      | holysushi the Kobold Monk began the quest for the Orb.
     0 | D:1      | Reached XP level 1. HP: 14/14 MP: 1/1
    88 | D:1      | Reached XP level 2. HP: 19/19 MP: 2/2
   638 | D:1      | Reached XP level 3. HP: 24/24 MP: 3/3
   682 | D:1      | Reached skill level 5 in Short Blades
  1524 | D:2      | Reached XP level 4. HP: 26/29 MP: 4/4
  2067 | D:2      | Found Juapudesm's Jewellery Emporium.
  2068 | D:2      | Identified the +3 spear of Dung {vorpal, rF+}
  2779 | D:3      | Noticed Robin
  2869 | D:3      | Reached XP level 5. HP: 33/33 MP: 5/5
  2920 | D:3      | Killed Robin
  2921 | D:3      | Reached skill level 4 in Dodging
  3133 | D:3      | Noticed a kobold brigand
  3150 | D:3      | Killed a kobold brigand
  3258 | D:3      | Reached XP level 6. HP: 39/39 MP: 6/6
  3458 | D:3      | Noticed Ijyb
  3472 | D:3      | Killed Ijyb
  3499 | D:3      | Reached skill level 5 in Dodging
  3518 | D:3      | Found a faded altar of an unknown god.
  3624 | D:3      | Reached skill level 5 in Fighting
  3993 | D:4      | Reached XP level 7. HP: 44/44 MP: 7/7
  4108 | D:4      | Found Heifam's Armour Shop.
  4128 | D:4      | Bought a +2 pair of gloves of dexterity for 215 gold pieces
  4237 | D:4      | Identified the +1 leather armour "Vusigun" {rC+ rCorr}
  4251 | D:4      | Reached skill level 6 in Dodging
  4601 | D:4      | Noticed Pikel
  4773 | D:4      | Killed Pikel
  4774 | D:4      | Reached skill level 7 in Dodging
  4774 | D:4      | Reached XP level 8. HP: 49/51 MP: 8/8
  5105 | D:4      | Found a transporter.
  5109 | D:4      | Found a transporter.
  5145 | D:4      | Found a burning altar of Makhleb.
  5241 | D:5      | Entered Level 5 of the Dungeon
  5247 | D:5      | Reached skill level 8 in Dodging
  5299 | D:5      | Found a white marble altar of Elyvilon.
  6133 | D:5      | Reached XP level 9. HP: 45/56 MP: 9/9
  6176 | D:5      | Reached skill level 9 in Dodging
  6521 | D:5      | Identified a scroll of acquirement
  6521 | D:5      | Acquired the +2 helmet "Efiuviv" {Contam +Inv Fly Int+2}
  6883 | D:6      | Found a staircase to the Ecumenical Temple.
  6898 | Temple   | Entered the Ecumenical Temple
  7009 | Temple   | Became a worshipper of Dithmenos the Shadowed
  7009 | Temple   | Reached * piety under Dithmenos
  7009 | Temple   | Reached ** piety under Dithmenos
  7352 | D:6      | Reached skill level 10 in Dodging
  7352 | D:6      | Reached skill level 5 in Stealth
  7933 | D:7      | Identified the +7 hunting sling "Turchoy" {vorpal, +Blink
                  | Int-4 SInv}
  8074 | D:7      | Reached skill level 1 in Evocations
  8151 | D:7      | Reached XP level 10. HP: 62/64 MP: 10/10
  8473 | D:7      | Reached skill level 10 in Short Blades
  8528 | D:7      | Reached skill level 11 in Dodging
  8567 | D:8      | Noticed Maggie
  8572 | D:8      | Killed Maggie
  8587 | D:8      | Found a flagged portal.
  8610 | Bailey   | Entered a bailey
  8655 | Bailey   | Reached *** piety under Dithmenos
  8656 | Bailey   | Reached skill level 5 in Evocations
  8892 | Bailey   | Noticed Prince Ribbit
  8907 | Bailey   | Killed Prince Ribbit
  8912 | Bailey   | Noticed a vault guard
  8919 | Bailey   | Killed a vault guard
  8920 | Bailey   | Reached skill level 12 in Dodging
  8920 | Bailey   | Reached XP level 11. HP: 65/71 MP: 8/11
  8954 | Bailey   | Noticed a vault guard
  8972 | Bailey   | Killed a vault guard
  8973 | Bailey   | Reached skill level 10 in Fighting
  9586 | D:8      | Noticed a four-headed hydra
  9636 | D:8      | Reached **** piety under Dithmenos
  9655 | D:8      | Noticed Gastronok
  9672 | D:8      | Killed Gastronok
  9673 | D:8      | Reached skill level 13 in Dodging
  9853 | D:8      | Killed a four-headed hydra
 10078 | D:8      | Identified the +10 scale mail "Woizxuideki" {Stlth+}
 10280 | D:4      | Bought a +2 pair of boots of stealth for 215 gold pieces
 10454 | D:9      | Reached skill level 1 in Armour
 10525 | D:9      | Noticed a deep elf pyromancer
 10526 | D:9      | Paralysed by a hornet for 1 turns
 10561 | D:9      | Killed a deep elf pyromancer
 10562 | D:9      | Reached XP level 12. HP: 74/77 MP: 12/12
 10857 | D:9      | Paralysed by a hornet for 2 turns
 10864 | D:9      | Noticed a two-headed ogre
 11341 | D:9      | Found a sparkling altar of Nemelex Xobeh.
 11574 | D:10     | Entered Level 10 of the Dungeon
 11621 | D:10     | Found an opulent altar of Gozag.
 12765 | D:11     | Noticed a skeletal warrior
 12765 | D:11     | Noticed a skeletal warrior
 12771 | D:11     | Noticed a skeletal warrior
 12774 | D:11     | Killed a skeletal warrior
 12775 | D:11     | Noticed a skeletal warrior
 12776 | D:11     | Killed a skeletal warrior
 12903 | D:11     | Reached ***** piety under Dithmenos
 13295 | D:11     | Noticed a centaur warrior
 13299 | D:11     | Killed a centaur warrior
 13300 | D:11     | Reached skill level 14 in Dodging
 13300 | D:11     | Reached skill level 10 in Evocations
 13314 | D:11     | Found a staircase to the Lair.
 13371 | D:11     | Killed a skeletal warrior
 13417 | D:11     | Killed a skeletal warrior
 13811 | Lair:1   | Entered Level 1 of the Lair of Beasts
 13971 | Lair:1   | Reached XP level 13. HP: 83/83 MP: 13/13
 14082 | Lair:1   | Found a runed translucent door.
 14084 | Lair:1   | Noticed Zinzilulo's ghost (journeyman VSMo)
 14090 | Lair:1   | Killed Zinzilulo's ghost
 14092 | Lair:1   | Identified the +3 war axe of Loehemies {flame, rPois rC++
                  | Str-3 Int+4}
 15324 | Lair:3   | Reached skill level 10 in Stealth
 15369 | Lair:3   | Found a staircase to the Shoals.
 15691 | Lair:3   | Found a hole to the Spider Nest.
 16038 | Lair:3   | Noticed Urug
 16042 | Lair:3   | Killed Urug
 17345 | Lair:4   | Reached skill level 15 in Dodging
 18022 | Lair:5   | Slain by a cane toad

Illustrated notes

Levels and vault maps discovered:
D:1:      minmay_arrival_cross, layout_basic, minmay_cut_off
D:2:      layout_basic, serial_shops, shop
D:3:      layout_basic, shapermc_ecumenical_altar_notcrosses,
          nicolae_grassy_gnolls, uniq_ijyb, uniq_robin
D:4:      layout_basic, gammafunk_temple_overflow_arena, serial_shops,
          shop_coins, minmay_between, uniq_pikel
D:5:      layout_loops_ring, amcnicky_altar_gilded, nicolae_zen_rock_garden,
          kennysheep_big_empty_room
D:6:      layout_basic, minmay_temple_entry_large_hall
D:7:      layout_basic
D:8:      layout_rooms, enter_bailey_3, hellmonk_bongcloud_opening,
          kennysheep_island_fort, uniq_gastronok, uniq_maggie
D:9:      layout_basic, nemelex_spade_bored_becter
D:10:     layout_basic, old_standard_altar
D:11:     layout_small_grid, david_lair_shrubbed
Temple:   dpeg_five_rooms_temple
Lair:1:   layout_regular_city, ebering_ghost_inner_flame, lemuel_fruit_tree
Lair:2:   layout_misc_corridors
Lair:3:   layout_cave_pods, elwin_shoals_entry_stream,
          nicolae_spider_entry_non_spiders, uniq_urug
Lair:4:   layout_layer_cave, serial_forest, infiniplex_forest_clump_C,
          infiniplex_forest_lined_3_way, infiniplex_forest_straight_2,
          infiniplex_forest_diagonal, infiniplex_forest_corner_1,
          infiniplex_forest_lined_1, infiniplex_forest_straight_3
Lair:5:   layout_cave_pods, dpeg_slime_entry_enclosed_altar,
          kennysheep_abandoned_house

Skill      XL: |  1  2  3  4  5  6  7  8  9 10 11 12 13 |
---------------+----------------------------------------+-----
Short Blades   | 5 6 8 9 10 12 13 | 13.3
Fighting       | 4 5 6 7 9 10 11 | 11.5
Dodging        | 4 5 7 8 10 12 13 14 15 | 15.0
Stealth        | 3 5 7 9 11 | 11.2
Evocations     | 2 6 9 10 11 | 11.6
Armour         | 1 2 |  2.8

Action                   |  1- 3 |  4- 6 |  7- 9 | 10-12 | 13-15 || total
-------------------------+-------+-------+-------+-------+-------++-------
Melee: Short sword       |    48 |   105 |       |       |       ||   153
       Dagger            |       |   113 |   308 |   589 |   180 ||  1190
       Punch             |       |     2 |     5 |     4 |     7 ||    18
 Abil: Evoke Invisibilit |       |       |     1 |     5 |       ||     6
       Evoke Blink       |       |       |       |     1 |       ||     1
Evoke: Wand              |       |       |     3 |    10 |       ||    13
  Use: Potion            |       |     1 |       |       |       ||     1
       Scroll            |       |       |    14 |    12 |       ||    26
 Stab: Sleeping          |    13 |     5 |    20 |    59 |    43 ||   140
       Invisible         |       |       |     3 |     9 |       ||    12
       Distracted        |       |       |       |     3 |     1 ||     4
       Paralysed         |       |       |       |     4 |       ||     4
Armor: Robe              |     1 |    15 |    23 |    10 |       ||    49
       Scale mail        |       |       |       |    10 |       ||    10
       Steam dragon scal |       |       |       |    13 |     5 ||    18
Dodge: Dodged            |    18 |   131 |   221 |   413 |    98 ||   881

Table legend: (Time is in decaauts)
 A = Elapsed time spent in this place.
 B = Non-inter-level travel time spent in this place.
 C = Inter-level travel time spent in this place.
 D = Time resting spent in this place.
 E = Time spent auto-exploring this place.
 F = Levels seen in this place.
 G = Mean time per level.
                   A        B        C        D        E       F      G
               +--------+--------+--------+--------+--------+-----+--------+
         Total |  17438 |  16446 |    992 |   1575 |  11590 |  18 |  968.8 |
       Dungeon |  12684 |  11921 |    763 |   1449 |   7899 |  11 | 1153.1 |
        Temple |    277 |    277 |      0 |      0 |    233 |   1 |  277.0 |
          Lair |   4101 |   3872 |    229 |     13 |   3386 |   5 |  820.2 |
        Bailey |    374 |    374 |      0 |    113 |     72 |   1 |  374.0 |
               +--------+--------+--------+--------+--------+-----+--------+

Top non-repeatable levels by time:
     D:2: 1444 daAuts
     D:4: 1427 daAuts
  Lair:4: 1326 daAuts
     D:1: 1285 daAuts
     D:8: 1197 daAuts
  Lair:3: 1181 daAuts
     D:5: 1179 daAuts
     D:3: 1161 daAuts
    D:11: 1123 daAuts
     D:9: 1094 daAuts
     D:7: 1061 daAuts
    D:10: 1038 daAuts
  Lair:1: 928 daAuts
     D:6: 670 daAuts
  Lair:2: 516 daAuts
